 Seeded DCSS version 0.29-a0-23-ga79f92ac9c (webtiles) character file.

Game seed: 10000000000011 (custom seed)

508 knot the Chopper (level 6, -3/70 HPs)
             Began as a Demonspawn Berserker on Jan 31, 2022.
             Was a Believer of Trog.
             Slain by an unseen horror (7 damage)
             ... on level 5 of the Dungeon.
             The game lasted 00:05:21 (4842 turns).

knot the Chopper (Demonspawn Berserker)             Turns: 4842, Time: 00:05:21

Health: -3/70      AC: 23    Str: 17    XL:     6   Next: 98%
Magic:  6/6        EV:  2    Int: 11    God:    Trog [**....]
Gold:   184        SH:  5    Dex: 12    Spells: 5/5 levels left

rFire   . . .      SeeInvis .   a - +0 hand axe
rCold   . . .      Faith    .   (no shield)
rNeg    . . .      Spirit   .   (armour currently unavailable)
rPois   +          Reflect  +   (helmet currently unavailable)
rElec   .          Harm     .   (cloak currently unavailable)
rCorr   .          Rampage  .   (gloves currently unavailable)
Will    ++...      NoTele   +   (boots currently unavailable)
Stlth   +.........              d - amulet of reflection
HPRegen 1.21/turn               (no ring)
MPRegen 0.20/turn               (no ring)

@: mighty, tree-form, strong-willed (expiring), regenerating (expiring)
A: stationary, stasis, torment immunity, boosted hp, magic regeneration,
(demonic touch 2)
a: Renounce Religion, Berserk, Trog's Hand


You were on level 5 of the Dungeon.
You worshipped Trog.
Trog was pleased with you.
You were a tree.
You visited 1 branch of the dungeon, and saw 5 of its levels.

You collected 184 gold pieces.

Inventory:

Hand Weapons
 a - a +0 hand axe (weapon)
Missiles
 f - 105 stones
 p - 4 boomerangs
 r - a poisoned dart (quivered)
Armour
 q - a +0 ring mail (melded)
Jewellery
 d - an amulet of reflection (around neck)
Wands
 b - a wand of charming (6)
 i - a wand of flame (24)
 o - a wand of polymorph (1)
Scrolls
 c - a scroll of amnesia {unknown}
 k - 2 scrolls of identify {unknown}
 m - 2 scrolls of blinking {unknown}
 n - a scroll of fog {unknown}
Potions
 j - a potion of magic {unknown}
 l - a potion of heal wounds {unknown}


   Skills:
 - Level 3.0 Fighting
 + Level 7.3 Axes
 - Level 1.7 Armour
 - Level 1.7 Dodging


You had 5 spell levels left.
You didn't know any spells.
Your spell library contained the following spells:

 Spells                   Type           Power      Damage    Failure   Level
 Corpse Rot               Necr/Air       0%         N/A       47%         2
 Ensorcelled Hibernation  Hex/Ice        0%         N/A       47%         2
 Passwall                 Tmut/Erth      0%         N/A       47%         2
 Poisonous Vapours        Pois/Air       0%         N/A       47%         2
 Swiftness                Air            0%         N/A       71%         3


Dungeon Overview and Level Annotations

Branches:
Dungeon (5/15)             Temple (0/1) D:4

Altars:

Shops:
D:3 [


Innate Abilities, Weirdness & Mutations

You are a tree.
Your roots penetrate the ground, keeping you stationary.
You cannot be teleported.
You are immune to unholy pain and torment.
Your maximum health is greatly increased.
Your equipment is partially melded.
You regenerate magic rapidly.
((Your touch may inflict irresistible damage on your foes.))


Message History

Something hits you but does no damage. x2
You cannot move.
You cannot move.
You hit something.
Something hits you but does no damage. x2
You hit something. Something hits you but does no damage.
You swing at nothing.
Something hits you!
* * * LOW HITPOINT WARNING * * *
You swing at nothing.
Something hits you.
* * * LOW HITPOINT WARNING * * *
It was a potion of might.
You feel very mighty all of a sudden. Something hits you but does no damage.
It was a potion of curing.
You feel better. Something hits you but does no damage.
You swing at nothing.
Something hits you!
* * * LOW HITPOINT WARNING * * *
You swing at nothing.
Something hits you but does no damage. Something hits you.
* * * LOW HITPOINT WARNING * * *
You miss something. Something hits you.
* * * LOW HITPOINT WARNING * * *
You swing at nothing.
Something hits you but does no damage. x2
You miss something. Something hits you but does no damage.
Aiming: Polymorph
Press: ? - help, Shift-Dir - straight line Nothing appears to happen.
Something hits you!
* * * LOW HITPOINT WARNING * * *
Something hits you but does no damage.
Unknown command.
Okay, then.
Aiming: Throw Flame
Press: ? - help, Shift-Dir - straight line
Okay, then.
You barely miss something. Something hits you but does no damage.
You block something's attack.
You miss something.
You feel the effects of Trog's Hand fading.
Something hits you but does no damage. x2
You closely miss something. Something hits you!
You die...

#..##..#<##.......#
####.###
#........#####.#### #.#
#........# #.# ### #.#
##.##.##.#####.####.## #.#
#.##................# #.#
#.#####.####.#......# #.#
#.....).##.....###..###>###
##########.###.##..........
#♣# #......###....
#{###.............
#.....####..##....
###.....(...##....
#...#####.##.##. #...#
#.##.# . #...# #.##.# .
#...# #.##.# ..... ......


There were no monsters in sight!

Vanquished Creatures
  A boggart (D:4)
  An ogre (D:3)
  2 scorpions (D:4)
  An orc priest (D:4)
  A centaur skeleton (D:4)
  Ijyb (D:4)
  A scorpion zombie (D:5)
  5 adders
  2 orcs (D:4)
  6 endoplasms
  2 giant cockroaches
  5 goblins
  5 hobgoblins
  14 jackals
  A quokka (D:4)
  4 ball pythons
  7 bats
  5 frilled lizards
  3 kobolds
  5 rats
72 creatures vanquished.

Notes
Turn   | Place    | Note
-------+----------+-------------------------------------------
     0 | D:1      | knot the Demonspawn Berserker began the quest for the Orb.
     0 | D:1      | Reached XP level 1. HP: 18/18 MP: 1/1
   151 | D:1      | Reached skill level 3 in Axes
   225 | D:1      | Gained mutation: You regenerate magic rapidly. [demonic
                  | ancestry]
   225 | D:1      | Reached XP level 2. HP: 19/24 MP: 2/2
  1274 | D:2      | Gained mutation: Your touch may inflict minor irresistible
                  | damage on your foes. [demonic ancestry]
  1274 | D:2      | Reached XP level 3. HP: 29/29 MP: 3/3
  1348 | D:2      | Reached skill level 4 in Axes
  1349 | D:2      | Reached ** piety under Trog
  1941 | D:2      | Reached XP level 4. HP: 25/35 MP: 4/4
  2381 | D:3      | Noticed an ogre
  2389 | D:3      | Killed an ogre
  2390 | D:3      | Reached skill level 5 in Axes
  2390 | D:3      | Reached XP level 5. HP: 41/41 MP: 5/5
  2532 | D:3      | Found Daocsar's Antique Armour Emporium.
  3032 | D:4      | Found a staircase to the Ecumenical Temple.
  3039 | D:4      | Reached skill level 6 in Axes
  3202 | D:4      | Gained mutation: Your touch may inflict irresistible damage
                  | on your foes. [demonic ancestry]
  3202 | D:4      | Reached XP level 6. HP: 34/47 MP: 6/6
  3577 | D:4      | Noticed Dowan
  3600 | D:4      | Noticed Dowan
  3600 | D:4      | Dowan changed into Dowan the boggart
  4052 | D:4      | Noticed Duvessa
  4055 | D:4      | Noticed Duvessa
  4055 | D:4      | Duvessa changed into Duvessa the scorpion
  4056 | D:4      | Noticed Ijyb
  4085 | D:4      | Killed Duvessa the scorpion
  4143 | D:4      | Killed Dowan the boggart
  4144 | D:4      | Reached skill level 7 in Axes
  4146 | D:4      | Killed Ijyb
  4694 | D:5      | Entered Level 5 of the Dungeon
  4839 | D:5      | HP: 1/70 [something (7)]
  4842 | D:5      | Slain by an unseen horror

Illustrated notes

Levels and vault maps discovered:
D:1:      lordsloth_arrival_two_stooges, layout_basic, grunt_decor_fettered,
          minmay_misc_feat_diagonals, nicolae_concentric_dashed_squares_wild
D:2:      layout_rooms, hangedman_decor_clover_reticule
D:3:      layout_basic, serial_shops, shop, kennysheep_path_1
D:4:      layout_rooms, temple_doors_e, uniq_duvessa, uniq_ijyb
D:5:      layout_loops_cross, nicolae_uskayaw_suspiria, item_on_display_a

Skill      XL: |  1  2  3  4  5  6 |
---------------+-------------------+-----
Axes           | 3 4 5 6 7 |  7.3
Fighting       | |  3.0
Armour         | |  1.7
Dodging        | |  1.7

Action                   |  1- 3 |  4- 6 || total
-------------------------+-------+-------++-------
Melee: Hand axe          |   113 |    97 ||   210
       Punch             |     1 |       ||     1
       Touch             |     2 |    19 ||    21
Throw: Dart              |       |     2 ||     2
Invok: Berserk           |     5 |     4 ||     9
       Trog's Hand       |       |     1 ||     1
Evoke: Wand              |       |     7 ||     7
  Use: Potion            |       |     3 ||     3
Armor: Animal skin       |    19 |     5 ||    24
       Skin              |       |    16 ||    16
       Ring mail         |       |    10 ||    10
Dodge: Dodged            |    87 |    45 ||   132
Block: Other             |    22 |    20 ||    42
       Reflection        |     1 |     1 ||     2

Table legend: (Time is in decaauts)
 A = Elapsed time spent in this place.
 B = Non-inter-level travel time spent in this place.
 C = Inter-level travel time spent in this place.
 D = Time resting spent in this place.
 E = Time spent auto-exploring this place.
 F = Levels seen in this place.
 G = Mean time per level.
                   A        B        C        D        E       F      G
               +--------+--------+--------+--------+--------+-----+--------+
         Total |   4942 |   4698 |    244 |   1975 |   2122 |   5 |  988.4 |
       Dungeon |   4942 |   4698 |    244 |   1975 |   2122 |   5 |  988.4 |
               +--------+--------+--------+--------+--------+-----+--------+

Top non-repeatable levels by time:
     D:1: 1343 daAuts
     D:4: 1314 daAuts
     D:3: 1077 daAuts
     D:2: 1060 daAuts
     D:5: 146 daAuts
